 Dungeon Sprint DCSS version 0.29-a0-887-gcbe080d7e0 (webtiles) character file.

Game seed: 18218885091169562737

1816 mhtbhm the Basher (level 9, 0/62 HPs)
             Began as a Gargoyle Fighter on July 21, 2022.
             Was an Elder of Okawaru.
             Slain by a centaur warrior (3 damage)
             ... in the Dungeon (Sprint IX: "|||||||||||||||||||||||||||||").
             The game lasted 00:02:40 (645 turns).

mhtbhm the Basher (Gargoyle Fighter)                 Turns: 645, Time: 00:02:40

Health: 0/62       AC: 29    Str: 27    XL:     9   Next: 10%
Magic:  11/14      EV: 10    Int:  9    God:    Okawaru [****..]
Gold:   0          SH:  7    Dex:  9    Spells: 8/8 levels left

rFire   . . .      SeeInvis .   a - +0 flail
rCold   . . .      Faith    .   c - +0 buckler
rNeg    + + .      Spirit   .   b - +1 plate armour {rN+}
rPois   ∞          Reflect  .   k - +0 helmet
rElec   +          Harm     .   (no cloak)
rCorr   .          Rampage  .   l - +0 pair of gloves
Will    .....      NoTele   +   (no boots)
Stlth   ..........              (no amulet)
HPRegen 0.20/turn               m - +3 ring of strength
MPRegen 0.14/turn               n - +2 ring of protection

@: heroic
A: sickness immunity, AC +6, negative energy resistance 1, electricity
resistance, torment resistance 1, petrification resistance
a: Renounce Religion, Heroism, Finesse


You were in the Dungeon.
You worshipped Okawaru.
Okawaru was greatly pleased with you.
You visited 1 branch

Inventory:

Hand Weapons
 a - a +0 flail (weapon)
Armour
 b - a +1 plate armour of positive energy (worn)
 c - a +0 buckler (worn)
 k - a +0 helmet (worn)
 l - a +0 pair of gloves (worn)
Jewellery
 m - a +3 ring of strength (left hand)
 n - a +2 ring of protection (right hand)
Wands
 i - a wand of iceblast (5)
Scrolls
 g - 2 scrolls of amnesia
 j - a scroll of blinking
Potions
 h - 4 potions of magic


   Skills:
 + Level 10.1(15.1) Fighting
 + Level 11.5(16.5) Maces & Flails
 + Level 9.3(14.3) Armour
 + Level 3.3(8.3) Dodging
 + Level 9.1(14.1) Shields
 * Level 7.7 Invocations
 + Level 2.1 Evocations


You had 8 spell levels left.
You didn't know any spells.
Your spell library was empty.

Dungeon Overview and Level Annotations

Branches:
Dungeon (1/1)

Altars:
Cheibriados
Dithmenos
Elyvilon
Fedhas
Gozag
Hepliaklqana
Kikubaaqudgha
Makhleb
Nemelex Xobeh
Okawaru
Qazlal
Ru
Sif Muna
Trog
Uskayaw
Vehumet
Wu Jian
Xom
Yredelemnul
Zin
The Shining One
Jiyva
Lugonu


Innate Abilities, Weirdness & Mutations

You are immune to sickness and miasma.
Your stone body is resilient. (AC +6)
You are immune to poison.
You resist negative energy. (rN+)
You are resistant to electric shocks. (rElec)
You are resistant to unholy torment.
You are immune to petrification.


Message History

Your base attributes are Str 22, Int 9, Dex 9.
Increase (S)trength, (I)ntelligence, or (D)exterity?
You feel stronger. x2
The centaur warrior unwields a +0 longbow.
The centaur warrior hits you but does no damage.
The centaur warrior completely misses you.
There is an open door, spattered with blood here.
Items here: )) †††.
You hit the centaur warrior.
The centaur warrior is lightly wounded.
You block the centaur warrior's attack.
The centaur warrior kicks you but does no damage.
Unknown command.
You closely miss the centaur warrior.
The centaur warrior is lightly wounded.
The centaur warrior barely misses you.
The centaur warrior kicks you but does no damage.
You bludgeon the centaur warrior!!
The centaur warrior is heavily wounded.
The centaur warrior hits you!
* * * LOW HITPOINT WARNING * * *
You block the centaur warrior's attack.
Unknown command.
You thump the centaur warrior!
The centaur warrior is severely wounded.
The centaur warrior hits you but does no damage.
You block the centaur warrior's attack.
You barely miss the centaur warrior.
The centaur warrior is severely wounded.
The centaur warrior closely misses you.
The centaur warrior kicks you but does no damage.
You closely miss the centaur warrior.
The centaur warrior is severely wounded.
The centaur warrior hits you but does no damage.
The centaur warrior kicks you but does no damage.
You bludgeon the centaur warrior!!
The centaur warrior is almost dead.
The centaur warrior hits you but does no damage.
The centaur warrior kicks you.
You die... ▓▓▓▓▓▓▓▓▓▓▓▓▓▓▓▓▓▓▓▓▓▓▓▓ +...WDc@......'..[)..).. ▓▓▓▓▓▓▓▓▓▓▓▓▓▓▓▓▓▓▓▓▓▓▓▓

You could see a seven-headed hydra, a centaur warrior and a wraith.

Vanquished Creatures
  A two-headed ogre (D)
  An ugly thing (D)
  An unseen horror (D)
  A shadow (D)
  A vampire mosquito (D)
  An orc warrior (D)
  2 ogres (D)
  A scorpion (D)
  2 killer bees (D)
  An orc wizard (D)
  An iguana (D)
  An orc (D)
  An endoplasm (D)
  A hobgoblin (D)
  2 kobolds (D)
  A rat (D)
19 creatures vanquished.

Notes
Turn   | Place    | Note
-------+----------+-------------------------------------------
     0 | D        | mhtbhm the Gargoyle Fighter began the quest for the Orb.
     0 | D        | Reached XP level 1. HP: 14/14 MP: 1/1
    43 | D        | Noticed an ogre
    43 | D        | Noticed an iguana
    43 | D        | Noticed an ogre
    43 | D        | Noticed a scorpion
    52 | D        | Killed a scorpion
    53 | D        | Reached skill level 5 in Fighting
    53 | D        | Reached skill level 4 in Maces & Flails
    53 | D        | Reached skill level 5 in Armour
    53 | D        | Reached skill level 5 in Shields
    53 | D        | Reached XP level 2. HP: 21/21 MP: 2/2
    53 | D        | Reached XP level 3. HP: 26/26 MP: 3/3
    53 | D        | Reached XP level 4. HP: 31/31 MP: 4/4
    57 | D        | Killed an ogre
    58 | D        | Reached skill level 5 in Maces & Flails
    58 | D        | Reached XP level 5. HP: 37/37 MP: 5/5
    72 | D        | Killed an ogre
    73 | D        | Reached skill level 6 in Maces & Flails
    73 | D        | Reached skill level 1 in Dodging
    73 | D        | Reached XP level 6. HP: 25/44 MP: 6/6
    78 | D        | Found a snail-covered altar of Cheibriados.
    78 | D        | Found a shadowy altar of Dithmenos.
    78 | D        | Found a white marble altar of Elyvilon.
    78 | D        | Found a blossoming altar of Fedhas.
    78 | D        | Found an opulent altar of Gozag.
    79 | D        | Found a hazy altar of Hepliaklqana.
    80 | D        | Found a viscous altar of Jiyva.
    81 | D        | Found an ancient bone altar of Kikubaaqudgha.
    82 | D        | Found a corrupted altar of Lugonu.
    83 | D        | Found a burning altar of Makhleb.
    84 | D        | Found a sparkling altar of Nemelex Xobeh.
    85 | D        | Found an iron altar of Okawaru.
    86 | D        | Found a stormy altar of Qazlal.
    87 | D        | Found a sacrificial altar of Ru.
    88 | D        | Found a shimmering blue altar of Sif Muna.
    89 | D        | Found a bloodstained altar of Trog.
    90 | D        | Found a hide-covered altar of Uskayaw.
    91 | D        | Found a radiant altar of Vehumet.
    92 | D        | Found an ornate altar of the Wu Jian Council.
    93 | D        | Became a worshipper of Warmaster Okawaru
   211 | D        | Found a shimmering altar of Xom.
   212 | D        | Found a basalt altar of Yredelemnul.
   213 | D        | Found a glowing silver altar of Zin.
   214 | D        | Found a glowing golden altar of the Shining One.
   233 | D        | Upgraded the game from 0.29-a0-885-gb26ba3297d to
                  | 0.29-a0-887-gcbe080d7e0
   255 | D        | Noticed a shadow
   255 | D        | Noticed an orc warrior
   257 | D        | HP: 2/44 [orc warrior/+0 battleaxe (17)]
   274 | D        | Killed an orc warrior
   275 | D        | Reached skill level 7 in Maces & Flails
   282 | D        | Killed an unseen horror
   282 | D        | Reached * piety under Okawaru
   282 | D        | Reached ** piety under Okawaru
   283 | D        | Reached skill level 8 in Maces & Flails
   283 | D        | Reached skill level 1 in Evocations
   283 | D        | Reached XP level 7. HP: 26/50 MP: 6/10
   289 | D        | Killed a shadow
   295 | D        | Reached skill level 9 in Maces & Flails
   295 | D        | Reached skill level 5 in Invocations
   599 | D        | Noticed a wraith
   599 | D        | Noticed a seven-headed hydra
   599 | D        | Noticed a centaur warrior
   599 | D        | Noticed a two-headed ogre
   599 | D        | Noticed a vampire mosquito
   599 | D        | Noticed a green ugly thing
   614 | D        | Killed a green ugly thing
   615 | D        | Reached skill level 10 in Maces & Flails
   615 | D        | Reached XP level 8. HP: 42/56 MP: 10/12
   637 | D        | Killed a two-headed ogre
   637 | D        | Reached *** piety under Okawaru
   637 | D        | Reached **** piety under Okawaru
   638 | D        | Reached skill level 10 in Fighting
   638 | D        | Reached skill level 11 in Maces & Flails
   638 | D        | Reached XP level 9. HP: 10/62 MP: 10/14
   641 | D        | HP: 3/62 [centaur warrior (8)]
   645 | D        | Slain by a centaur warrior

Illustrated notes

Levels and vault maps discovered:
D:        linesprint [early_d, line_temple, items_1, d_10, items_2, lair_1,
          lair_end, items_3, orc_1, orc_end, items_4, d_15, swamp_1, shoals_1,
          snake_1, spider_1, d_20, vaults_1, items_5, swamp_end, shoals_end,
          snake_end, spider_end, vaults_end, d_27, items_6, zot_1, zot_end,
          crypt_end, forest_end, elf_end, slime_end, tomb_end, abyss_end,
          pan_hell_end]

Skill      XL: |  1  2  3  4  5  6  7  8 |
---------------+-------------------------+-----
Fighting       | 5 6 7 8 9 10 | 10.1
Maces & Flails | 4 5 6 8 10 11 | 11.5
Armour         | 5 6 8 9 |  9.3
Shields        | 5 6 7 8 9 |  9.1
Dodging        | 1 2 3 |  3.3
Invocations    | 4 6 7 |  7.7
Evocations     | 1 2 |  2.1

Action                   |  1- 3 |  4- 6 |  7- 9 || total
-------------------------+-------+-------+-------++-------
Melee: Flail             |    22 |    27 |    56 ||   105
Invok: Heroism           |       |       |     1 ||     1
Evoke: Wand              |       |     5 |       ||     5
  Use: Potion            |     1 |    11 |       ||    12
       Scroll            |       |     1 |       ||     1
Armor: Scale mail        |     4 |     9 |     3 ||    16
       Plate armour      |       |       |    23 ||    23
Dodge: Dodged            |     9 |    13 |    16 ||    38
Block: Buckler           |     7 |     3 |    16 ||    26

Table legend: (Time is in decaauts)
 A = Elapsed time spent in this place.
 B = Non-inter-level travel time spent in this place.
 C = Inter-level travel time spent in this place.
 D = Time resting spent in this place.
 E = Time spent auto-exploring this place.
 F = Levels seen in this place.
 G = Mean time per level.
                   A        B        C        D        E       F      G
               +--------+--------+--------+--------+--------+-----+--------+
         Total |    635 |    635 |      0 |    266 |    139 |   1 |  635.0 |
       Dungeon |    635 |    635 |      0 |    266 |    139 |   1 |  635.0 |
               +--------+--------+--------+--------+--------+-----+--------+

Top non-repeatable levels by time:
       D: 635 daAuts
